 Dungeon Sprint DCSS version 0.19.0-19-g8c6edcc (webtiles) character file.

123 poirepourri the Covert (level 4, -11/21 HPs)
             Began as a Spriggan Enchanter on Nov 15, 2016.
             Mangled by a sixfirhy (12 damage)
             ... summoned by a kobold demonologist
             ... in the Dungeon (Sprint III: "The Ten Rune Challenge").
             The game lasted 00:01:29 (458 turns).

poirepourri the Covert (Spriggan Enchanter)          Turns: 458, Time: 00:01:29

Health: -11/21     AC:  4    Str:  4    XL:     4   Next: 80%
Magic:  6/12       EV: 20    Int: 16    God:
Gold:   44         SH:  0    Dex: 17    Spells: 4 memorised, 4 levels left

rFire  . . .     SeeInvis +     a - +1 dagger
rCold  . . .     Gourm    .     k - +2 robe {rN+}
rNeg   + . .     Faith    .     (shield restricted)
rPois  .         Spirit   .     (helmet restricted)
rElec  .         Reflect  .     (no cloak)
rCorr  .         Harm     .     (gloves unavailable)
MR     .....     NoTele   +     (boots unavailable)
Stlth  +++++.....               (no amulet)
                                (no ring)
                                (no ring)

@: very quick
A: unfitting armour, see invisible, herbivore 3, speed 3, slow metabolism 2
a: no special abilities


You were in the Dungeon.
You were not hungry.

You visited 1 branch You collected 44 gold pieces.

Inventory:

Hand Weapons
 a - a +1 dagger (weapon)
Armour
 b - a +1 robe
 k - a +2 robe of positive energy (worn)
Scrolls
 j - a scroll of blinking
 n - a scroll of identify
Potions
 e - 2 potions of curing
 f - a potion of heal wounds
 g - 2 potions of haste
 h - 2 potions of magic
 i - a potion of berserk rage
 l - 2 potions of mutation
 q - a potion of degeneration
 s - 2 potions of flight
Books
 c - a book of Maledictions

   Spells                             Type                      Level
   a - Corona                         Hexes                        1
   b - Ensorcelled Hibernation        Hexes/Ice                    2
   c - Confuse                        Hexes                        3
   d - Tukima's Dance                 Hexes                        3
   e - Dazzling Spray                 Conjuration/Hexes            3
Comestibles
 d - a bread ration
 p - 2 royal jellies


   Skills:
 + Level 1.3 Short Blades
 + Level 4.8 Dodging
 + Level 10.3 Stealth
 + Level 5.2 Spellcasting
 + Level 7.4 Hexes
 + Level 1.2 Ice Magic


You had 4 spell levels left.
You knew the following spells:

 Your Spells              Type           Power        Failure   Level  Hunger
a - Corona                Hex            ####...      1%          1    None
b - Ensorcelled Hibernat  Hex/Ice        ###...       4%          2    #......
c - Confuse               Hex            ####....     1%          3    ###....
d - Tukima's Dance        Hex            ####....     1%          3    ###....


Dungeon Overview and Level Annotations

Branches:
Dungeon (1/1)

Altars:
Kikubaaqudgha
Sif Muna
Vehumet


Innate Abilities, Weirdness & Mutations

You are very small and have problems with some larger weapons.
You are too small for most types of armour.
You have supernaturally acute eyesight. (SInv)
You are a herbivore.
You cover ground extremely quickly.
You need consume almost no food.


Message History

Aiming: Ensorcelled Hibernation
Press: ? - help, Shift-Dir - straight line, f/p - wizard
Aim: a wizard, wielding a dagger and wearing a robe (chance to defeat MR: 17%)
The wizard resists with almost no effort.
The kobold demonologist casts a spell.
The wizard hits you but does no damage.
Casting: Ensorcelled Hibernation
Confirm with . or Enter, or press ? or * to list all spells.
Aiming: Ensorcelled Hibernation
Press: ? - help, Shift-Dir - straight line, f/p - wizard
Aim: a wizard, wielding a dagger and wearing a robe (chance to defeat MR: 17%)
The wizard looks drowsy...
The sixfirhy completely misses you. The sixfirhy hits you.
The sixfirhy shocks you!
Ouch! That really hurt!
* * * LOW HITPOINT WARNING * * *
The sixfirhy hits you.
* * * LOW HITPOINT WARNING * * *
The sixfirhy shocks you!
Ouch! That really hurt!
You die...

.#......#####..#
##.......#..#..#
.##.##...#..#..###+#+###
.##.###..##'#..#........
####.##..###...'.⌠......
##†.##..####...#...#####
....##..###....#.⌠.#
#..##...##.....#...#
..##....#......#@###
.###..##.#.....#3p:# .#
#..#####.?..#_K_# ▓▓
▓▓▓▓ ▓▓▓▓▓▓▓▓▓▓


You could see a wizard (sleeping), a kobold demonologist and a sixfirhy.

Vanquished Creatures
  A water elemental (D)
  Jessica (D)
  A human (D)
  A wolf (D)
  An ooze (D)
  2 rats (D)
7 creatures vanquished.

Vanquished Creatures (others)
  A yaktaur (D)
  6 hellions (D)
7 creatures vanquished.

Grand Total: 14 creatures vanquished

Notes
Turn   | Place    | Note
-------+----------+-------------------------------------------
     0 | D        | poirepourri the Spriggan Enchanter began the quest for the Orb.
     0 | D        | Reached XP level 1. HP: 9/9 MP: 5/5
    19 | D        | Reached skill level 5 in Stealth
    63 | D        | Killed a yaktaur
    96 | D        | Killed a hellion
    98 | D        | Killed a hellion
   100 | D        | Killed a hellion
   104 | D        | Noticed Jessica
   106 | D        | Killed a hellion
   110 | D        | Killed Jessica
   110 | D        | Reached skill level 7 in Stealth
   110 | D        | Reached skill level 5 in Hexes
   110 | D        | Reached XP level 2. HP: 11/13 MP: 5/7
   110 | D        | Reached XP level 3. HP: 14/16 MP: 6/9
   140 | D        | Killed a hellion
   141 | D        | Killed a hellion
   163 | D        | Learned a level 2 spell: Ensorcelled Hibernation
   167 | D        | Learned a level 3 spell: Confuse
   171 | D        | Learned a level 3 spell: Tukima's Dance
   233 | D        | Reached skill level 8 in Stealth
   424 | D        | Noticed a water elemental
   427 | D        | Killed a water elemental
   427 | D        | Reached skill level 10 in Stealth
   427 | D        | Reached skill level 5 in Spellcasting
   427 | D        | Reached skill level 1 in Ice Magic
   427 | D        | Reached XP level 4. HP: 21/21 MP: 12/12
   453 | D        | Found a radiant altar of Vehumet.
   453 | D        | Found a deep blue altar of Sif Muna.
   453 | D        | Found an ancient bone altar of Kikubaaqudgha.
   453 | D        | Noticed a wizard
   458 | D        | Noticed a sixfirhy
   458 | D        | HP: 1/21 [sixfirhy[a kobold demonologist] (5)]
   458 | D        | Mangled by a sixfirhy

Skill      XL: |  1  2  3 |
---------------+----------+-----
Stealth        | 7 10 | 10.3
Spellcasting   | 3 5 |  5.2
Hexes          | 5 7 |  7.4
Dodging        | 4 |  4.8
Ice Magic      | 1 |  1.2
Short Blades   | |  1.3

Action                   |  1- 3 |  4- 6 || total
-------------------------+-------+-------++-------
Melee: Dagger            |    24 |     1 ||    25
 Cast: Ensorcelled Hiber |     4 |     3 ||     7
       Confuse           |     1 |       ||     1
  Use: Scroll            |     5 |       ||     5
 Stab: Sleeping          |     5 |       ||     5
       Confused          |     1 |       ||     1
Armor: Robe              |     2 |       ||     2
Dodge: Dodged            |     9 |     2 ||    11
